 Dungeon Crawl Stone Soup version 0.28-a0-1002-gf00fe891ef (webtiles) character file.

Game seed: 17441035231618039470

900 wakim the Ruffian (level 7, -2/72 HPs)
             Began as a Troll Monk on Dec 6, 2021.
             Was an Initiate of Gozag.
             Succumbed to a scorpion's poison
             ... in an ossuary.
             The game lasted 00:08:24 (2534 turns).

wakim the Ruffian (Troll Monk)                      Turns: 2534, Time: 00:08:24

Health: -2/72      AC:  4    Str: 22    XL:     7   Next: 79%
Magic:  6/6        EV: 11    Int:  6    God:    Gozag
Gold:   567        SH:  0    Dex: 12    Spells: 6/6 levels left

rFire   . . .      SeeInvis .     - Unarmed
rCold   . . .      Faith    .   (no shield)
rNeg    . . .      Spirit   .   a - +0 robe
rPois   .          Reflect  .   (helmet restricted)
rElec   .          Harm     .   (no cloak)
rCorr   .          Rampage  .   (gloves unavailable)
Will    .....                   (boots unavailable)
Stlth   ++........              (no amulet)
HPRegen 1.02/turn               (no ring)
MPRegen 0.10/turn               (no ring)

@: lethally poisoned (-2 -> -24), gold aura, hasted, very quick
A: large, unfitting armour, claws 3, regeneration 1, shaggy fur 1, tough skin 1
a: Renounce Religion, Potion Petition, Call Merchant, Bribe Branch


You were in an ossuary.
You worshipped Gozag.
Gozag was pleased with you.
You visited 1 branch of the dungeon, and saw 4 of its levels.
You also visited: Ossuary.

You collected 567 gold pieces.

Inventory:

Missiles
 c - a throwing net {=f!f}
 g - 15 poisoned darts (quivered)
 j - 5 javelins
Armour
 a - a +0 robe (worn)
Wands
 x - a wand of iceblast (6)
Scrolls
 h - a scroll of fear {unknown}
 l - a scroll of brand weapon {unknown}
 m - a scroll of enchant weapon {unknown}
 o - a scroll of torment {unknown}
Potions
 b - a potion of resistance {unknown}
 d - a potion of might {unknown}
 e - a potion of brilliance {unknown}
 f - a potion of cancellation {unknown}
 k - a potion of curing {unknown}
 n - a potion of invisibility {unknown}
 K - a potion of magic


   Skills:
 * Level 5.3 Fighting
 + Level 4.0 Dodging
 - Level 1.0 Stealth
 * Level 6.3 Unarmed Combat


You had 6 spell levels left.
You didn't know any spells.
Your spell library contained the following spells:

 Spells                   Type           Power      Damage    Failure   Level
 Gell's Gravitas          Tloc           0%         N/A       83%         3
 Teleport Other           Tloc           0%         N/A       83%         3
 Dispersal                Tloc           0%         N/A       100%        6


Dungeon Overview and Level Annotations

Branches:
Dungeon (4/15)            Ossuary (1/1)
 Temple: D:4-7

Altars:
Gozag

Shops:
D:4 ::


Innate Abilities, Weirdness & Mutations

You are too large for most types of armour.
You have claws for hands.
Your natural rate of healing is unusually fast.
You are covered in fur. (AC +1)
You have tough skin. (AC +1)


Message History

You scratch the mummy but do no damage.
The mummy is almost destroyed.
You barely miss the mummy.
The mummy is almost destroyed.
The mummy hits you!
You claw the mummy!
You destroy the mummy! 2 scorpions come into view.
The hobgoblin zombie hits you but does no damage.
You see here 6 gold pieces.
You scratch the hobgoblin zombie.
The hobgoblin zombie is moderately damaged.
The hobgoblin zombie closely misses you.
You scratch the hobgoblin zombie.
You destroy the hobgoblin zombie!
You see here 9 gold pieces. 2 scorpions and a zombie come into view.
The scorpion stings you!
You are poisoned.
The scorpion poisons you!
You scratch the scorpion but do no damage.
You feel very sick. The scorpion stings you!
* * * LOW HITPOINT WARNING * * *
You closely miss the scorpion.
You feel sick. The scorpion barely misses you. The scorpion stings you.
* * * LOW HITPOINT WARNING * * *
You are more poisoned.
The scorpion poisons you!
You barely miss the scorpion.
You feel very sick. The scorpion stings you!
* * * LOW HITPOINT WARNING * * *
You are lethally poisoned!
The scorpion poisons you! The scorpion barely misses you.
The scorpion stings you!
* * * LOW HITPOINT WARNING * * *
It was a potion of haste.
You feel yourself speed up.
You die...
Your body crumbles into a pile of gold.

......##'###8...8##
8.....#...#.......#
#.....#...'...8...#
#.....#...#...#...#
####'###########'##
..#...#...#...#...#
..#...'...8...#.$.#
..#...#.......#.$.#
########8...8##.@.#
..#...#.......#.ss#
..8...#...8...#...#
......#...#...#...#
8...8###'#######s##
......#...#M!?#.Z.
..8...'...#?.!+..s
..#...#...#..!#...
###############


You could see 4 scorpions and a scorpion zombie.

Vanquished Creatures
  A phantom (D:4)
  7 scorpions (Ossuary)
  A centaur zombie (Ossuary)
  A human zombie (Ossuary)
  Natasha (thrice) (D:2)
  An iguana (D:4)
  4 scorpion zombies (Ossuary)
  3 mummies (Ossuary)
  A gnoll (D:1)
  4 adders
  2 worms (D:2)
  2 dart slugs
  11 endoplasms
  A giant cockroach (D:1)
  A gnoll zombie (Ossuary)
  2 goblins
  4 hobgoblins
  7 kobolds
  3 quokkas
  7 ball pythons
  3 bats (D:2)
  2 frilled lizards (D:1)
  2 goblin zombies (Ossuary)
  3 hobgoblin zombies (Ossuary)
  A kobold zombie (Ossuary)
  3 orc zombies (Ossuary)
  4 rats
84 creatures vanquished.

Notes
Turn   | Place    | Note
-------+----------+-------------------------------------------
     0 | D:1      | wakim the Troll Monk began the quest for the Orb.
     0 | D:1      | Reached XP level 1. HP: 22/22 MP: 0/0
    50 | D:1      | Reached XP level 2. HP: 11/29 MP: 1/1
   173 | D:1      | Found a faded altar of an unknown god.
   213 | D:1      | Prayed at the altar of an unknown god.
   213 | D:1      | Became a worshipper of Gozag Ym Sagoz the Greedy
   359 | D:1      | Reached XP level 3. HP: 36/36 MP: 2/2
   691 | D:2      | Reached XP level 4. HP: 45/45 MP: 3/3
   785 | D:2      | Noticed Natasha
   799 | D:2      | Killed Natasha
   800 | D:2      | Reached skill level 4 in Unarmed Combat
   951 | D:2      | Noticed Natasha
   961 | D:2      | Killed Natasha
  1073 | D:2      | Noticed Natasha
  1080 | D:2      | Killed Natasha
  1081 | D:2      | Reached XP level 5. HP: 53/53 MP: 4/4
  2020 | D:4      | Noticed a phantom
  2031 | D:4      | Killed a phantom
  2073 | D:4      | Found Fyeturgh's Book Emporium.
  2076 | D:4      | Reached XP level 6. HP: 62/62 MP: 5/5
  2080 | D:4      | Found Lamiar's Book Emporium.
  2149 | D:4      | Found a sand-covered staircase.
  2155 | Ossuary  | Entered an ossuary
  2173 | Ossuary  | Reached skill level 5 in Unarmed Combat
  2327 | Ossuary  | Reached XP level 7. HP: 68/71 MP: 6/6
  2433 | Ossuary  | Reached skill level 5 in Fighting
  2433 | Ossuary  | Reached skill level 6 in Unarmed Combat
  2534 | Ossuary  | Succumbed to a scorpion's poison

Illustrated notes

Levels and vault maps discovered:
D:1:      minmay_arrival_arboretum_small, layout_rooms,
          shapermc_ecumenical_altar_venn
D:2:      wander_river, layout_basic, minmay_pentomino_pile, uniq_natasha
D:3:      layout_basic
D:4:      layout_rooms, enter_ossuary_1, hangedman_decor_opposing,
          nicolae_wooded_promenade, uniq_blork_the_orc
Ossuary:  ossuary_minmay_scorpions

Skill      XL: |  1  2  3  4  5  6  7 |
---------------+----------------------+-----
Fighting       | 3 4 5 |  5.3
Unarmed Combat | 4 5 6 |  6.3
Dodging        | 3 4 |  4.0
Stealth        | |  1.0

Action                   |  1- 3 |  4- 6 |  7- 9 || total
-------------------------+-------+-------+-------++-------
Melee: Unarmed           |    83 |   107 |    54 ||   244
       Punch             |     1 |     3 |       ||     4
  Use: Scroll            |     1 |     5 |       ||     6
       Potion            |       |       |     1 ||     1
 Stab: Distracted        |     2 |       |       ||     2
       Sleeping          |     2 |     6 |       ||     8
Armor: Robe              |    15 |    30 |     6 ||    51
Dodge: Dodged            |    38 |    49 |    13 ||   100

Table legend: (Time is in decaauts)
 A = Elapsed time spent in this place.
 B = Non-inter-level travel time spent in this place.
 C = Inter-level travel time spent in this place.
 D = Time resting spent in this place.
 E = Time spent auto-exploring this place.
 F = Levels seen in this place.
 G = Mean time per level.
                   A        B        C        D        E       F      G
               +--------+--------+--------+--------+--------+-----+--------+
         Total |   2536 |   2452 |     84 |    100 |   1678 |   5 |  507.2 |
       Dungeon |   2168 |   2084 |     84 |    100 |   1505 |   4 |  542.0 |
       Ossuary |    368 |    368 |      0 |      0 |    173 |   1 |  368.0 |
               +--------+--------+--------+--------+--------+-----+--------+

Top non-repeatable levels by time:
     D:2: 940 daAuts
     D:1: 576 daAuts
     D:3: 516 daAuts
 Ossuary: 368 daAuts
     D:4: 134 daAuts
